 Dungeon Crawl Stone Soup version 0.27-a0-328-g7f782ed93a (webtiles) character file.

Game seed: 5836962792900622791

415 CurlyBrace the Skirmisher (level 6, -6/28 HPs)
             Began as a Felid Summoner on Feb 11, 2021.
             Was an Initiate of Jiyva.
             Killed by divine providence
             ... invoked by an orc priest
              (9 damage)
             ... on level 7 of the Dungeon.
             The game lasted 00:23:22 (1497 turns).

CurlyBrace the Skirmisher (Felid Summoner)          Turns: 1497, Time: 00:23:23

Health: -6/28      AC:  2    Str:  7    XL:     6   Next: 60%
Magic:  11/11      EV: 18    Int: 18    God:    Jiyva [......]
Gold:   35         SH:  0    Dex: 14    Spells: 6/10 levels left
                                        Lives:  0   Deaths: 1

rFire    . . .     SeeInvis +     - Unarmed
rCold    . . .     Faith    .   (shield unavailable)
rNeg     . . .     Spirit   .   (armour unavailable)
rPois    +         Reflect  .   (helmet unavailable)
rElec    .         Harm     .   (cloak unavailable)
rCorr    .         Rampage  .   (gloves unavailable)
Will     .....                  (boots unavailable)
Stlth    +++.......             (no amulet)
HPRegen  0.09/turn              o - ring of poison resistance
MPRegen  0.12/turn              (no ring)

@: quick
A: very small, no armour, no weapons or thrown items, stealth, claws 1, fangs 3,
see invisible, clumsy 1, speed 1, shaggy fur 2, strong 1, sharp paws
a: Renounce Religion


You were on level 7 of the Dungeon.
You worshipped Jiyva.
Jiyva was noncommittal.
You visited 2 branches of the dungeon, and saw 8 of its levels.
You also visited: Ossuary.

You collected 74 gold pieces.
You spent 39 gold pieces at shops.

Inventory:

Jewellery
 o - a ring of poison resistance (left paw)
   (You found it on level 6 of the Dungeon)


   Skills:
 * Level 4.1 Fighting
 + Level 3.9 Dodging
 + Level 4.1 Stealth
 * Level 4.1 Unarmed Combat
 + Level 2.7 Spellcasting
 - Level 4.0 Summonings
 - Level 1.0 Translocations


You had 6 spell levels left.
You knew the following spells:

 Your Spells              Type           Power        Failure   Level
a - Summon Small Mammal   Summ           64%          3%          1
b - Apportation           Tloc           12%          11%         1
c - Call Imp              Summ           16%          4%          2

Your spell library contained the following spells:

 Spells                   Type           Power        Failure   Level
 Call Canine Familiar     Summ           16%          10%         3
 Animate Skeleton         Necr           4%           17%         1
 Corona                   Hex            2%           17%         1
 Summon Guardian Golem    Hex/Summ       9%           22%         3
 Summon Ice Beast         Ice/Summ       9%           58%         4
 Summon Lightning Spire   Summ/Air       9%           58%         4


Dungeon Overview and Level Annotations

Branches:
Dungeon (7/15)             Temple (1/1) D:4         Ossuary (visited)

Altars:
Ashenzari
Dithmenos
Elyvilon
Gozag
Kikubaaqudgha
Ru
Sif Muna
Wu Jian
Xom
Yredelemnul
Zin
The Shining One
Jiyva

Shops:
D:4 *

Annotations:
D:3 exclusion: orc


Innate Abilities, Weirdness & Mutations

You cannot wear armour.
You are incapable of wielding weapons or throwing items.
Your paws allow you to move quietly. (Stealth)
You have sharp claws.
You have razor-sharp teeth.
You have supernaturally acute eyesight. (SInv)
You cover ground quickly.
You are covered in thick fur. (AC +2)
Your sharp claws are effective at attacking unaware monsters.
You are clumsy. (Dex -2)
Your muscles are strong. (Str +2)


Message History

The floor.
Unknown command.
Found a pearl ring.
You see here a pearl ring.
a - a pearl ring
a - a ring of poison resistance (left paw)
o - a ring of poison resistance (left paw)
A phantom comes into view.
Found 9 gold pieces.
Found 18 gold pieces.
Found a stone staircase leading up and a stone staircase leading down.
There is a stone staircase leading up here.
You climb upwards.
There is a stone staircase leading down here.
You climb downwards.
The phantom hits you but does no damage.
The phantom hits you.
* * * LOW HITPOINT WARNING * * *
There is a stone staircase leading up, spattered with blood here.
There is a stone staircase leading down here.
You climb downwards. 5 orcs, an orc priest and an orc wizard come into view.
Found 16 gold pieces.
Found a stone staircase leading up.
There is a stone staircase leading up here.
You pounce on the unaware helpless orc wizard!
You mangle the orc wizard!!
You kill the orc wizard!
You aren't carrying any potions.
Unknown command.
Press: ? - help, v - describe, . - travel
Here: an orc, wielding a +0 flail (asleep)
The floor.
Unknown command.
The orc shouts!
The orc priest shouts!
The orc shouts! x2; You hear a shout!
You hear a bark!
An adder comes into view.
A scorpion comes into view.
The orc priest mumbles some strange prayers to Beogh against you.
Beogh smites you!
You die...

#. .............
##..##...<.......
#...#..o.o.......
#......o.......#
#.......<.....#
.#.......oo.o....
...........#.##..
........##.# #
.......@# ##
.........#
........#..
........#....
......... .##..
......... .. .
....S...# ..
....s.... .#.


You could see a scorpion (asleep), an orc priest, an adder (asleep) and 3 orcs.

Vanquished Creatures
  A hornet zombie (Ossuary)
  A centaur (D:5)
  A bullfrog zombie (D:5)
  A bullfrog skeleton (D:5)
  A human zombie (D:5)
  2 worker ants
  An orc wizard (D:7)
  A killer bee zombie (Ossuary)
  A hound zombie (Ossuary)
  6 mummies (Ossuary)
  An adder (D:2)
  A dart slug (D:1)
  An orc (D:5)
  A goblin (D:1)
  4 jackals (D:3)
  2 bats
  4 frilled lizards
  A jackal zombie (Ossuary)
  A leopard gecko zombie (D:5)
  4 orc skeletons (D:5)
  A rat (D:1)
37 creatures vanquished.

Vanquished Creatures (collateral kills)
  A centaur (D:5)
  2 adders
  A dart slug (D:2)
  3 orcs (D:3)
  A giant cockroach (D:2)
  2 kobolds (D:3)
10 creatures vanquished.

Vanquished Creatures (others)
  2 jellies
  An orc wizard (D:5)
  3 gnolls (D:5)
  An ooze (D:5)
  A quokka (D:5)
8 creatures vanquished.

Grand Total: 55 creatures vanquished

Notes
Turn   | Place    | Note
-------+----------+-------------------------------------------
     0 | D:1      | CurlyBrace the Felid Summoner began the quest for the Orb.
     0 | D:1      | Reached XP level 1. HP: 7/7 MP: 4/4
   141 | D:2      | Gained mutation: You are clumsy. (Dex -2) [potion of
                  | mutation]
   141 | D:2      | Gained mutation: Your muscles are strong. (Str +2) [potion
                  | of mutation]
   280 | D:2      | Reached XP level 2. HP: 7/12 MP: 6/6
   288 | D:2      | Reached skill level 1 in Fighting
   288 | D:2      | Reached skill level 1 in Unarmed Combat
   461 | D:3      | Reached XP level 3. HP: 10/15 MP: 7/7
   576 | D:3      | Learned a level 1 spell: Apportation
   595 | D:4      | Found a staircase to the Ecumenical Temple.
   606 | Temple   | Entered the Ecumenical Temple
   661 | Temple   | Became a worshipper of Jiyva Jiniugaz the Shapeless
   690 | D:4      | Found a shimmering altar of Xom.
   725 | D:4      | Found Gemepp's General Store.
   733 | D:5      | Entered Level 5 of the Dungeon
   745 | D:4      | Bought a potion of lignification for 39 gold pieces
   806 | D:5      | Noticed a centaur
   828 | D:5      | Killed a centaur
   829 | D:5      | Reached skill level 1 in Translocations
   829 | D:5      | Reached XP level 4. HP: 8/20 MP: 4/8
   932 | D:5      | Reached XP level 5. HP: 3/24 MP: 0/9
  1121 | D:5      | Found a sand-covered staircase.
  1158 | Ossuary  | Entered an ossuary
  1164 | Ossuary  | Slain by a killer bee zombie
  1165 | Ossuary  | Reached XP level 4. HP: -1/21 MP: 8/8
  1181 | Ossuary  | Reached XP level 5. HP: 24/24 MP: 6/9
  1197 | Ossuary  | Gained mutation: You are covered in thick fur. (AC +2)
                  | [Felid growth]
  1197 | Ossuary  | Reached XP level 6. HP: 28/28 MP: 4/10
  1260 | D:5      | Learned a level 2 spell: Call Imp
  1497 | D:7      | Killed from afar by an orc priest

Illustrated notes

Levels and vault maps discovered:
D:1:      mrwooster_arrival_arrow, layout_loops_corners, item_on_display_a
D:2:      kennysheep_the_goblin_king, layout_basic, okawaru_metal_pillars_3
D:3:      layout_basic, corexii_leaking_fountain, chequers_serial_rivers_micro_c
D:4:      layout_rooms, lemuel_round_altar, nemelex_altar_shiori,
          grunt_qazlal_sundering, minmay_temple_entry_tees,
          gup_sewer_entry_pipe, serial_shops, shop
D:5:      layout_basic, kennysheep_mini_moat, nicolae_ossuary_entry_catacombs
D:6:      layout_loops_ring, serial_shops, shop, minivault_25,
          chequers_serial_rivers_micro_a, chequers_decorated_corner,
          minmay_fire_ice_demons, uniq_sigmund
D:7:      layout_cave_pools, grunt_temple_overflow_lords_of_destruction
Temple:   pf_slimified_temple

Skill      XL: |  1  2  3  4  5  6 |
---------------+-------------------+-----
Fighting       | 1 2 3 4 |  4.1
Dodging        | 3 |  3.9
Stealth        | 3 4 |  4.1
Unarmed Combat | 1 3 4 |  4.1
Translocations | 1 |  1.0
Spellcasting   | |  2.7
Summonings     | |  4.0

Action                   |  1- 3 |  4- 6 || total
-------------------------+-------+-------++-------
Melee: Unarmed           |    57 |    51 ||   108
       Bite              |     5 |     4 ||     9
 Cast: Summon Small Mamm |    18 |    31 ||    49
       Call Imp          |       |     3 ||     3
  Use: Potion            |     5 |     1 ||     6
       Scroll            |     3 |     2 ||     5
 Stab: Sleeping          |     7 |     5 ||    12
       Distracted        |       |     1 ||     1
Armor: Skin              |       |    17 ||    17
Dodge: Dodged            |    57 |    42 ||    99

Table legend: (Time is in decaauts)
 A = Elapsed time spent in this place.
 B = Non-inter-level travel time spent in this place.
 C = Inter-level travel time spent in this place.
 D = Time resting spent in this place.
 E = Time spent auto-exploring this place.
 F = Levels seen in this place.
 G = Mean time per level.
                   A        B        C        D        E       F      G
               +--------+--------+--------+--------+--------+-----+--------+
         Total |   1288 |   1283 |      5 |     32 |      0 |   9 |  143.1 |
       Dungeon |   1150 |   1145 |      5 |     32 |      0 |   7 |  164.3 |
        Temple |     48 |     48 |      0 |      0 |      0 |   1 |   48.0 |
       Ossuary |     89 |     89 |      0 |      0 |      0 |   1 |   89.0 |
               +--------+--------+--------+--------+--------+-----+--------+

Top non-repeatable levels by time:
     D:5: 503 daAuts
     D:3: 207 daAuts
     D:2: 167 daAuts
     D:1: 126 daAuts
 Ossuary: 89 daAuts
     D:4: 80 daAuts
     D:6: 61 daAuts
  Temple: 48 daAuts
     D:7: 4 daAuts
